 Dungeon Crawl Stone Soup version 0.30-a0-948-g4fa250aae5 (webtiles) character file.

Game seed: 9083740114605607587

1623 bande the Chopper (level 8, -1/50 HPs)
             Began as a Gargoyle Fighter on Mar 27, 2023.
             Was a Priest of Okawaru.
             Slain by a gargoyle
             ... wielding a +0 morningstar
              (10 damage)
             ... on level 6 of the Dungeon.
             The game lasted 00:10:37 (5892 turns).

bande the Chopper (Gargoyle Fighter)                Turns: 5892, Time: 00:10:38

Health: -1/50      AC: 19    Str: 20    XL:     8   Next: 97%
Magic:  10/10      EV:  6    Int:  9    God:    Okawaru [***...]
Gold:   347        SH:  9    Dex: 11    Spells: 5/7 levels left

rFire   . . .      SeeInvis .    a - +1 war axe
rCold   . . .      Faith    +    t - +0 kite shield
rNeg    + . .      Spirit   .    m - +2 chain mail {rPois}
rPois   ∞          Reflect  .    (no helmet)
rElec   +          Rampage  .    w - +1 cloak
rCorr   +                        (no gloves)
Will    .....                    (no boots) Stlth
                                 h - amulet of faith
HPRegen 0.28/turn                g - ring of resist corrosion
MPRegen 0.12/turn                (no ring)

@: no status effects
A: sickness immunity, AC +5, negative energy resistance 1, electricity
resistance, torment resistance 1, petrification resistance
a: Renounce Religion, Heroism


You were on level 6 of the Dungeon.
You worshipped Okawaru.
Okawaru was most pleased with you.
You visited 1 branch of the dungeon, and saw 6 of its levels.
You also visited: Sewer.

You collected 447 gold pieces.
You spent 100 gold pieces at shops.

Inventory:

Hand Weapons
 a - a +1 war axe (weapon)
 r - a +0 broad axe
 u - a +0 flail
Armour
 m - a +2 chain mail of poison resistance (worn)
 t - a +0 kite shield (worn)
 w - a +1 cloak (worn)
Jewellery
 b - a ring of magical power
 g - a ring of resist corrosion (left hand)
 h - an amulet of faith (around neck)
 i - an amulet of magic regeneration
Wands
 c - a wand of digging (8)
 o - a wand of mindburst (8)
Scrolls
 f - 5 scrolls of teleportation
 j - 4 scrolls of fog
Potions
 d - 2 potions of might
 e - 2 potions of resistance
 k - 3 potions of berserk rage
 l - a potion of invisibility
 n - 3 potions of heal wounds
 p - a potion of magic
 q - a potion of curing {unknown}
 s - a potion of cancellation {unknown}
 v - a potion of lignification {unknown}
 x - 4 potions of flight


   Skills:
 + Level 5.4 Fighting
 + Level 6.4 Axes
 + Level 5.2 Armour
 + Level 4.8 Shields
 * Level 3.3 Translocations
 * Level 3.4 Invocations
 * Level 1.9 Evocations


You had 5 spell levels left.
You knew the following spells:

 Your Spells              Type           Power      Damage    Failure   Level
a - Blink                 Tloc           10%        N/A       99%         2

Your spell library contained the following spells:

 Spells                   Type           Power      Damage    Failure   Level
 Manifold Assault         Tloc           5%         N/A       100%        4
 Storm Form               Tmut/Air       0%         N/A       100%        7


Dungeon Overview and Level Annotations

Branches:
Dungeon (6/15)              Sewer (visited)
 Temple: D:4-7

Altars:
Ashenzari
Gozag
Okawaru
Sif Muna
Wu Jian

Shops:
D:3 [   D:5 (


Innate Abilities, Weirdness & Mutations

You are immune to sickness and miasma.
Your stone body is resilient. (AC +5)
You are immune to poison.
You resist negative energy. (rN+)
You are resistant to electric shocks. (rElec)
You are resistant to unholy torment.
You are immune to petrification.


Message History

You hit the black bear.
You kill the black bear!
Okawaru accepts your kill. The gnoll sergeant barely misses you.
A gargoyle comes into view. It is wielding a +0 morningstar.
The gnoll sergeant hits you with a +0 spear.
You see here a bullfrog corpse.
You slash the gnoll sergeant!
The gnoll sergeant is moderately wounded.
You block the gnoll sergeant's attack.
You hit the gnoll sergeant but do no damage.
The gnoll sergeant is moderately wounded.
You block the gnoll sergeant's attack.
The gnoll sergeant hits you but does no damage.
The gnoll sergeant blocks your attack.
The gnoll sergeant is moderately wounded.
The gnoll sergeant hits you but does no damage.
The gnoll sergeant blocks your attack.
The gnoll sergeant is moderately wounded.
The gnoll sergeant hits you with a +0 spear.
The gnoll sergeant hits you with a +0 spear!
You hit the gnoll sergeant but do no damage.
The gnoll sergeant is moderately wounded.
You barely miss the gargoyle.
The gnoll sergeant hits you with a +0 spear.
The gargoyle hurls a stone arrow at you.
The stone arrow hits you. The gnoll sergeant blocks your attack.
The gnoll sergeant is moderately wounded.
You hit the gargoyle. You block the gnoll sergeant's attack.
The gargoyle closely misses you.
You hit the gnoll sergeant but do no damage.
The gnoll sergeant is moderately wounded.
You hit the gargoyle but do no damage.
The gnoll sergeant hits you but does no damage.
The gargoyle hits you with a +0 morningstar!
* * * LOW HITPOINT WARNING * * *
The gnoll sergeant closely misses you.
The gargoyle hits you with a +0 morningstar!
You die...

#........#.#,*.#,*,#.#........PP
##.#........#*,#.*,##..........PP
...###.#.###..*,*,#..###....†....
.......#.#,..#,*,#.#(.,#.........
....#....##*..#.#.#..###......###
....#.......*#.#.#.##.....###....
....#.....#.*,#.#.#,#.#....!..._.
....##......###9g.###............
.........###...#@#...###.........
....##...**#.#.#?#.#.###......###
....#*#...##...###...##..[....#
[...# *,#.....................#
....# *,###......>......#######
##### *,* #........###### *** *,*
########## ****,** *,* ***,,,,,**
*,* ***,,,,,,,,*


You could see a gargoyle and a gnoll sergeant.

Vanquished Creatures
  A water moccasin (D:6)
  2 ice beasts
  2 black bears
  4 bullfrogs (D:6)
  2 scorpions
  2 hounds (D:4)
  3 sleepcaps
  4 orc priests
  2 iguanas
  6 orc wizards
  4 river rats
  15 adders
  A white imp (D:5)
  2 ufetubi (D:6)
  8 worms
  5 dart slugs
  11 orcs
  6 ball pythons
  8 endoplasms
  7 giant cockroaches
  5 goblins
  4 hobgoblins
  3 jackals
  4 quokkas (Sewer)
  10 bats
  2 frilled lizards
  7 kobolds
  6 rats
  A spectral hobgoblin (D:2)
137 creatures vanquished.

Notes
Turn   | Place    | Note
-------+----------+-------------------------------------------
     0 | D:1      | bande the Gargoyle Fighter began the quest for the Orb.
     0 | D:1      | Reached XP level 1. HP: 14/14 MP: 1/1
    95 | D:1      | Reached XP level 2. HP: 19/19 MP: 2/2
   292 | D:1      | Reached skill level 2 in Axes
   505 | D:2      | Reached XP level 3. HP: 7/24 MP: 3/3
   955 | D:2      | Found a faded altar of an unknown god.
  1036 | D:2      | Learned a level 2 spell: Blink
  1119 | D:2      | Reached XP level 4. HP: 29/29 MP: 4/4
  1678 | D:3      | Reached skill level 3 in Axes
  2156 | D:3      | Found Tishaipn's Armour Shop.
  2305 | D:3      | Found an ornate altar of the Wu Jian Council.
  2509 | D:4      | Reached XP level 5. HP: 25/33 MP: 5/5
  2559 | D:4      | Found a broken altar of Ashenzari.
  2656 | D:4      | Reached skill level 4 in Axes
  2940 | D:4      | Reached XP level 6. HP: 39/39 MP: 6/6
  2954 | D:4      | Reached skill level 1 in Translocations
  3119 | D:4      | Found an iron altar of Okawaru.
  3138 | D:4      | Became a worshipper of Warmaster Okawaru
  3385 | D:4      | Reached * piety under Okawaru
  3669 | D:4      | Noticed a black bear
  3679 | D:4      | Killed a black bear
  3680 | D:4      | Reached skill level 1 in Invocations
  3680 | D:4      | Reached XP level 7. HP: 33/44 MP: 7/7
  3807 | D:5      | Entered Level 5 of the Dungeon
  3815 | D:5      | Reached skill level 5 in Axes
  3904 | D:5      | Found Fisinat's Antique Weapon Shoppe.
  3922 | D:5      | Bought a broad axe for 100 gold pieces
  4147 | D:5      | Reached ** piety under Okawaru
  4598 | D:5      | Reached skill level 5 in Fighting
  4605 | D:5      | Reached XP level 8. HP: 36/49 MP: 9/9
  4783 | D:6      | Found an opulent altar of Gozag.
  4908 | D:6      | Found a glowing drain.
  4912 | Sewer    | Entered a sewer
  5076 | Sewer    | Reached skill level 6 in Axes
  5151 | Sewer    | Reached skill level 1 in Evocations
  5719 | D:6      | Found a shimmering blue altar of Sif Muna.
  5724 | D:6      | Reached *** piety under Okawaru
  5734 | D:6      | Reached skill level 5 in Armour
  5885 | D:6      | Noticed a gargoyle
  5892 | D:6      | Slain by a gargoyle

Illustrated notes

Levels and vault maps discovered:
D:1:      minmay_arrival_open_corners, layout_rooms
D:2:      layout_basic, dreamdust_ecumenical_altar_drowned_temple
D:3:      layout_loops_cross, nzn_wu_jian_council_hall, serial_shops,
          nicolae_shop_behind_doors, chequers_serial_rivers_micro_a
D:4:      minmay_opposing_rooms, layout_basic, nicolae_overflow_crystal_walls,
          lemuel_tele_altar
D:5:      layout_rooms, serial_shops, shop, grunt_ministairs_4,
          hangedman_abyss_or_decor_stagger, grunt_decor_mini_mirrors
D:6:      layout_rooms, mainiacjoe_overflow_chevrons, grunt_gozag_statues,
          gup_sewer_entry_spiral, serial_curves, eino_curves_01, eino_curves_02,
          minmay_starry_boxes, uniq_edmund

Skill      XL: |  1  2  3  4  5  6  7  8 |
---------------+-------------------------+-----
Axes           | 2 3 4 5 6 |  6.4
Fighting       | 4 5 |  5.4
Armour         | 4 5 |  5.2
Translocations | 1 2 3 |  3.3
Shields        | 4 |  4.8
Invocations    | 1 2 3 |  3.4
Evocations     | 1 |  1.9

Action                     |  1- 3 |  4- 6 |  7- 9 || total
---------------------------+-------+-------+-------++-------
  Melee: War axe           |    95 |   198 |   264 ||   557
    Use: Scroll            |       |     9 |     6 ||    15
 Armour: Scale mail        |    36 |       |       ||    36
         Chain mail        |    19 |   164 |   275 ||   458
  Dodge: Dodged            |    45 |    94 |   128 ||   267
  Block: Buckler           |    19 |    52 |    55 ||   126
         Kite shield       |       |       |    46 ||    46

Table legend: (Time is in decaauts)
 A = Elapsed time spent in this place.
 B = Non-inter-level travel time spent in this place.
 C = Inter-level travel time spent in this place.
 D = Time resting spent in this place.
 E = Time spent auto-exploring this place.
 F = Levels seen in this place.
 G = Mean time per level.
                   A        B        C        D        E       F      G
               +--------+--------+--------+--------+--------+-----+--------+
         Total |   6280 |   6173 |    107 |    791 |   3870 |   7 |  897.1 |
       Dungeon |   5507 |   5400 |    107 |    791 |   3366 |   6 |  917.8 |
         Sewer |    772 |    772 |      0 |      0 |    504 |   1 |  772.0 |
               +--------+--------+--------+--------+--------+-----+--------+

Top non-repeatable levels by time:
     D:4: 1411 daAuts
     D:2: 1058 daAuts
     D:5: 993 daAuts
     D:3: 960 daAuts
   Sewer: 772 daAuts
     D:6: 590 daAuts
     D:1: 493 daAuts
